 Dungeon Crawl Stone Soup version 0.19.1 (webtiles) character file.

323 JeffiDaFish the Cudgeler (level 6, -6/39 HPs)
             Began as a Gargoyle Fighter on Dec 15, 2016.
             Killed by divine providence
             ... invoked by an orc priest
              (15 damage)
             ... on level 3 of the Dungeon.
             The game lasted 00:04:53 (1712 turns).

JeffiDaFish the Cudgeler (Gargoyle Fighter)         Turns: 1712, Time: 00:04:53

Health: -6/39      AC:  9    Str: 20    XL:     6   Next: 47%
Magic:  6/6        EV:  5    Int:  8    God:
Gold:   133        SH:  9    Dex: 11    Spells: 0 memorised, 5 levels left

rFire  . . .     SeeInvis .     a - +1 flail
rCold  + . .     Gourm    .     l - +0 chain mail
rNeg   + . .     Faith    .     c - +0 shield
rPois  ∞         Spirit   .     (helmet restricted)
rElec  +         Reflect  .     (no cloak)
rCorr  .         Harm     .     (no gloves)
MR     .....                    (no boots)
Stlth  ..........               (no amulet)
                                (no ring)
                                e - ring of protection from cold

@: no status effects
A: horns 1, deformed body, negative energy resistance 1, electricity resistance,
wild magic 1, unbreathing, petrification resistance, rot immunity, AC +4
a: no special abilities


You were on level 3 of the Dungeon.
You were not hungry.

You visited 1 branch of the dungeon, and saw 3 of its levels.

You collected 133 gold pieces.

Inventory:

Hand Weapons
 a - a +1 flail (weapon)
Armour
 c - a +0 shield (worn)
 l - a +0 chain mail (worn)
Jewellery
 e - a ring of protection from cold (left hand)
Scrolls
 g - 2 scrolls of remove curse
 k - a scroll of identify
Potions
 d - a potion of might
Comestibles
 b - 7 chunks of flesh
 f - 2 bread rations
 h - 2 meat rations
 i - a royal jelly
 j - 2 beef jerkies


   Skills:
 + Level 4.3 Fighting
 + Level 4.6 Maces & Flails
 + Level 4.2 Armour
 + Level 4.6 Shields


You had 5 spell levels left.
You didn't know any spells.

Dungeon Overview and Level Annotations

Branches:
Dungeon (3/15)

Altars:
Zin


Innate Abilities, Weirdness & Mutations

You are resistant to torment.
Your stone body is resilient. (AC +4)
You are immune to poison.
You resist negative energy. (rN+)
You are resistant to electric shocks. (rElec)
You can survive without breathing.
You are immune to petrification.
You are immune to rotting.
You have a pair of small horns on your head.
Armour fits poorly on your strangely shaped body.
Your spells are a little harder to cast, but a little more powerful.


Message History

You block the orc priest's attack.
The orc priest casts a cantrip, but nothing happens.
The orc priest invokes the aid of Beogh against you.
Beogh smites you!
An orc comes into view. It is wielding a flail.
The orc priest looks satisfied for a moment.
The orc wizard gestures wildly while chanting.
The orc wizard seems to speed up.
The orc priest begins to cast a cantrip, but forgets the words!
The orc priest invokes the aid of Beogh against you.
Beogh smites you!
* * * LOW HITPOINT WARNING * * *
The orc priest miscasts a cantrip.
You see here a club.
The orc wizard miscasts a cantrip.
There is a stone staircase leading up here.
You see here 2 poisoned needles.
The orc priest invokes the aid of Beogh against you.
Beogh smites you!
You die...

..........#...........#..#
#...
....o.w.oo####o.....).#.>#
#.##
.......#...o.o........##.#
#.#
%o.....#######........##.#
#.# ...ow.. #oo......##.#
#.# .......
#.o......##.####.# (....%.
#))).....##......#
#.r......#########
#.@......# ##########


You could see 2 orc priests, an orc wizard, 2 orcs and a rat.

Vanquished Creatures
  A scorpion (D:3)
  The ghost of elan the Conjurer, a weakling DECj (D:3)
  A hound (D:3)
  2 orc wizards (D:3)
  Jessica (D:2)
  A worker ant (D:3)
  4 adders
  An ooze (D:2)
  A worm (D:2)
  2 dart slugs
  3 orcs (D:3)
  6 goblins
  8 hobgoblins
  2 quokkas (D:2)
  6 bats
  11 kobolds
  10 rats
61 creatures vanquished.

Notes
Turn   | Place    | Note
-------+----------+-------------------------------------------
     0 | D:1      | JeffiDaFish the Gargoyle Fighter began the quest for the Orb.
     0 | D:1      | Reached XP level 1. HP: 14/14 MP: 1/1
   150 | D:1      | Reached XP level 2. HP: 18/19 MP: 2/2
   545 | D:1      | You fall through a shaft!
   617 | D:2      | Reached XP level 3. HP: 20/23 MP: 3/3
   860 | D:2      | Noticed Jessica
   865 | D:2      | Reached XP level 4. HP: 29/29 MP: 4/4
   870 | D:2      | Killed Jessica
  1233 | D:2      | Found a glowing silver altar of Zin.
  1438 | D:3      | Reached XP level 5. HP: 28/33 MP: 5/5
  1530 | D:3      | Gained mutation: You have a pair of small horns on your head. [potion of mutation]
  1530 | D:3      | Gained mutation: Armour fits poorly on your strangely shaped body. [potion of mutation]
  1530 | D:3      | Gained mutation: Your spells are a little harder to cast, but a little more powerful. [potion of mutation]
  1566 | D:3      | Noticed elan's ghost (weakling DECj)
  1576 | D:3      | Reached XP level 6. HP: 23/38 MP: 6/6
  1580 | D:3      | Killed elan's ghost
  1712 | D:3      | Killed from afar by an orc priest

Skill      XL: |  1  2  3  4  5 |
---------------+----------------+-----
Maces & Flails | 3 4 |  4.6
Shields        | 4 |  4.6
Armour         | 4 |  4.2
Fighting       | 4 |  4.3

Action                   |  1- 3 |  4- 6 || total
-------------------------+-------+-------++-------
Melee: Flail             |    79 |   105 ||   184
       Headbutt          |       |     5 ||     5
  Use: Scroll            |     5 |     2 ||     7
       Potion            |     1 |     5 ||     6
  Eat: Chunk             |       |     3 ||     3
Armor: Scale mail        |    56 |     1 ||    57
       Chain mail        |       |    56 ||    56
Dodge: Dodged            |    18 |    31 ||    49
Block: Shield            |    28 |    54 ||    82
